cohdb
Replays
Latest Replays
All Replays
Popular Replays
Top Player Replays
Match Explorer
How It Works
Community
CoH3 Stats
Reddit
Sign in to upload your games and track your stats! →
Sign in with Steam
Match 41926943
Unlisted
Match 41926943
Overview
Messages
Build Orders
End
Construct Infanterie Kompanie
Kettenkrad Recon Vehicle
Selects Terror Battlegroup
Selects Machine Gun Camouflage
Construct Infanterie Kompanie
MG 42 Machine Gun Team
Grenadier Squad
MG 42 Machine Gun Team
Grenadier Squad
Kettenkrad Recon Vehicle
Construct Panzergrenadier Kompanie
251 Medium Carrier
Selects Contempt for the Weak
Pak 40 Anti-tank Gun Team
Pioneer Squad
Construct Luftwaffe Kompanie
Panzergrenadier Squad
Support Elements
Nebelwerfer 42 Rocket Launcher Team
Kettenkrad Recon Vehicle
Pioneer Squad
Panzergrenadier Squad
Panzergrenadier Officer Quarters
Pak 40 Anti-tank Gun Team
Selects Defend the Fatherland
Construct Panzer Kompanie
Panzer IV Medium Tank
Foo
AVA
花开的时候你就来看我
East Sea
homig
kerem
ShadowStorm
Mefisto
0
0
Comments
sign in to comment!
No comments posted yet!